 Dungeon Crawl Stone Soup version 0.17-a0-1778-gd369669 (webtiles) character file.

242 KambridgeKobold the Covert (level 5, -1/25 HPs)
             Began as a Spriggan Assassin on Sept 8, 2015.
             Killed by divine providence
             ... invoked by an orc priest
              (8 damage)
             ... on level 3 of the Dungeon.
             The game lasted 00:11:52 (3329 turns).

KambridgeKobold the Covert (Spriggan Assassin)      Turns: 3329, Time: 00:11:52

Health: -1/25      AC:  4    Str: 10    XL:     5   Next: 81%
Magic:  0/6        EV: 19    Int: 12    God:
Gold:   211        SH:  0    Dex: 19    Spells: 1 memorised, 0 levels left

rFire  . . .     SeeInvis +     a - +4 short sword
rCold  . . .     Clarity  .     c - +0 robe
rNeg   . . .     SustAt   .     (shield restricted)
rPois  .         Gourm    .     (helmet restricted)
rElec  .         Spirit   +     y - +1 cloak
rCorr  .         Warding  .     (gloves unavailable)
rMut   .         Stasis   .     (boots unavailable)
MR     .....                    v - amulet of guardian spirit
Stlth  +++++.....               (no ring)
                                l - +3 ring of strength

@: very quick, not resistant to hostile enchantments, quite stealthy
A: unfitting armour, see invisible, herbivore 3, speed 3, slow metabolism 2
a: no special abilities


You were on level 3 of the Dungeon.
You were not hungry.

You visited 1 branch of the dungeon, and saw 3 of its levels.

You collected 211 gold pieces.

Inventory:

Hand weapons
 a - a +4 short sword (weapon)
 b - a +0 blowgun
 k - a +1 antimagic whip
 q - a +0 long sword
 s - a +0 short sword
 u - a +2 dagger
 w - a +0 hunting sling
Missiles
 e - 31 poisoned needles
 f - 2 curare-tipped needles
 j - 231 stones (quivered)
Armour
 c - a +0 robe (worn)
 d - a +0 cloak
 y - a +1 cloak (worn)
Jewellery
 l - a +3 ring of strength (left hand)
 v - an amulet of guardian spirit (around neck)
Magical devices
 i - a wand of enslavement (4)
Scrolls
 h - a scroll of identify
 m - a scroll of recharging {unknown}
 p - a scroll of enchant weapon
 x - a scroll of magic mapping {unknown}
Potions
 n - 2 potions of lignification
 o - 3 potions of curing {unknown}
 r - a potion of beneficial mutation {unknown}
 t - 3 potions of cure mutation {unknown}
Books
 z - a book of Enchantments

   Spells                             Type                      Level
   a - Cause Fear                     Hexes                        4
   b - Silence                        Hexes/Air                    5
   c - Deflect Missiles               Charms/Air                   6
   d - Haste                          Charms                       6
   e - Discord                        Hexes                        8
Comestibles
 g - 3 bread rations


   Skills:
 - Level 1.5 Fighting
 + Level 4.7 Short Blades
 - Level 2.1 Throwing
 + Level 3.7 Dodging
 - Level 8.0 Stealth
 + Level 0.8 Hexes


You couldn't memorise any spells.
You knew the following spells:

 Your Spells              Type           Power        Failure   Level  Hunger
a - Cause Fear            Hex            #.........   100%        4    #####..


Dungeon Overview and Level Annotations

Branches:
Dungeon (3/15)

Altars:
Gozag
Makhleb


Innate Abilities, Weirdness & Mutations

You are tiny and cannot use many weapons and most armour.
You have supernaturally acute eyesight.
You are a herbivore.
You cover ground extremely quickly.
You need consume almost no food.


Message History

The orc is moderately wounded.
The orc misses you.
You closely miss the orc.
The orc is moderately wounded.
The orc priest calls upon Beogh to heal the orc.
The orc's wounds heal themselves!
You puncture the orc!
You kill the orc!
Items here: $ ) [ † a club; a leather armour; 10 gold pieces; an orc corpse You hit the orc priest.
The orc priest is lightly wounded.
The orc priest invokes the aid of Beogh against you.
Something smites you!
* * * LOW HITPOINT WARNING * * *
Drink which item? (? for menu, Esc to quit)
Okay, then.
The orc priest calls down the wrath of Beogh upon you.
Something smites you!
You die...

...###.)##### #.## ##[..........
...# #......###.# #...........
##.###.###...o).######.....<.....
#......#....####.................
#..#.###.##.........####.........
......#..##......................
........####...#.###.#....#####..
........####.....<.......## ##
#.........##..o.@###....### ####
#[.........o..##..#....)..####...
#...........#####.......#........
##..........o...............#####
##.............#####...########.
##...............##.........##.
##..........###......#####..#.
#.........## ####...######...
#.........# #..........#.


You could see an orc priest and an orc.

Vanquished Creatures
  An orc priest (D:3)
  Ijyb (D:2)
  Terence (D:3)
  Natasha (thrice) (D:2)
  A gnoll (D:2)
  3 adders
  3 worms
  3 giant geckos
  8 orcs (D:3)
  8 bats
  10 goblins
  4 hobgoblins
  3 jackals (D:2)
  10 kobolds
  A quokka (D:2)
  4 giant cockroaches
  3 giant newts (D:2)
  7 rats
74 creatures vanquished.

Notes
Turn   | Place    | Note
--------------------------------------------------------------
     0 | D:1      | KambridgeKobold the Spriggan Assassin began the quest for the Orb.
     0 | D:1      | Reached XP level 1. HP: 10/10 MP: 2/2
   253 | D:1      | Reached skill level 6 in Stealth
   302 | D:1      | Reached XP level 2. HP: 12/14 MP: 3/3
   800 | D:2      | Noticed Natasha
   820 | D:2      | Killed Natasha
   820 | D:2      | Reached XP level 3. HP: 9/18 MP: 4/4
  1037 | D:2      | Found a burning altar of Makhleb.
  1422 | D:2      | Reached XP level 4. HP: 22/22 MP: 5/5
  1634 | D:2      | Noticed Natasha
  1761 | D:2      | Killed Natasha
  1761 | D:2      | Reached skill level 7 in Stealth
  2170 | D:2      | Noticed Ijyb
  2220 | D:2      | Killed Ijyb
  2220 | D:2      | Reached XP level 5. HP: 25/25 MP: 6/6
  2333 | D:2      | Noticed Natasha
  2339 | D:2      | Killed Natasha
  2571 | D:3      | Noticed Terence
  2613 | D:3      | Killed Terence
  2859 | D:3      | Found an opulent altar of Gozag.
  2932 | D:3      | Reached skill level 8 in Stealth
  3157 | D:3      | Learned a level 4 spell: Cause Fear
  3329 | D:3      | Killed from afar by an orc priest

Vault maps used:
D:1:      ncdulo_halloftheorcs
D:2:      kennysheep_goblin_castle, old_standard_altar, serial_curves,
          eino_curves_01, eino_curves_02, uniq_natasha
D:3:      first_bread, nicolae_gozag_cash_rules_everything_around_me,
          uniq_terence

Action                   |  1- 3 |  4- 6 || total
-------------------------+-------+-------++-------
Melee: Dagger            |    68 |     4 ||    72
       Short sword       |       |    88 ||    88
 Fire: Blowgun           |     4 |    10 ||    14
  Use: Scroll            |       |     5 ||     5
 Stab: Sleeping          |    16 |     8 ||    24
       Distracted        |     1 |     2 ||     3
